 Dungeon Crawl Stone Soup version 0.30-a0-170-g85af917532 (webtiles) character file.

Game seed: 1796333990787257671

178558 qw the Severer (level 18, -2/116 HPs)
             Began as a Gargoyle Fighter on Sept 30, 2022.
             Was a High Priest of Okawaru.
             Slain by an emperor scorpion (16 damage)
             ... on level 4 of the Spider Nest.
             The game lasted 00:14:33 (29958 turns).

qw the Severer (Gargoyle Fighter)                  Turns: 29958, Time: 00:14:34

Health: -2/116     AC: 46    Str: 39    XL:     18   Next: 20%
Magic:  6/20       EV: 10    Int: 12    God:    Okawaru [*****.]
Gold:   1809       SH: 21    Dex:  8    Spells: 17/17 levels left

rFire   + . .      SeeInvis +    s - +0 broad axe
rCold   . . .      Faith    .    D - +0 tower shield of Dust Devil {Str+3 Dex+5}
rNeg    + + +      Spirit   .    z - +1 plate armour of Dim Light {rElec rN+ Will++}
rPois   inf        Reflect  .    A - +1 helmet "Atuak" {rN+++ Regen+ Int+2 Dex-5}
rElec   +          Harm     .    g - +2 cloak
rCorr   .          Rampage  .    e - +2 pair of gloves
Will    ++++.                    C - +1 pair of boots "Ecoxkuh" {SInv}
Stlth   ..........               c - amulet "Nijinesi" {Acrobat rF+ Will+}
HPRegen 1.09/turn                r - +4 ring of slaying {mikee}
MPRegen 0.17/turn                H - +6 ring of strength

@: heroic, flying, slowed, very slow
A: sickness immunity, AC +13, big wings, negative energy resistance 1,
electricity resistance, torment resistance 1, petrification resistance, low MP
2, strong 1
a: Renounce Religion, Heroism, Finesse, Duel


You were on level 4 of the Spider Nest.
You worshipped Okawaru.
Okawaru was extremely pleased with you.
You visited 6 branches of the dungeon, and saw 30 of its levels.
You also visited: Gauntlet.

You collected 3206 gold pieces.
You spent 1397 gold pieces at shops.


Innate Abilities, Weirdness & Mutations

You are immune to sickness and miasma.
Your stone body is resilient. (AC +13)
You are immune to poison.
Your large and strong wings let you fly.
You resist negative energy. (rN+)
You are resistant to electric shocks. (rElec)
You are resistant to unholy torment.
You are immune to petrification.
Your magical capacity is very low. (-20% MP)
Your muscles are strong. (Str +4, Int/Dex -1)


   Skills:
 - Level 14.2(19.2) Fighting
 - Level 18.0(23.0) Axes
 - Level 7.0(12.0) Throwing
 - Level 13.0(18.0) Armour
 - Level 3.1(8.1) Dodging
 + Level 17.7(22.7) Shields
 - Level 10.0 Invocations


You had 17 spell levels left.
You didn't know any spells.
Your spell library was empty.

Inventory:

Hand Weapons
 s - a +0 broad axe (weapon)
Missiles
 o - 8 boomerangs
 v - a javelin (quivered)
Armour
 b - the +3 pair of gloves of the Lich-sworn {Harm Will+ Regen+ Stlth+}
   (Okawaru gifted it to you on level 3 of the Lair of Beasts)

   Regen:     It increases your rate of health regeneration.
   Harm:      It increases damage dealt and taken.
   Will:      It increases your willpower.
   Stlth:     It makes you more stealthy.
 e - a +2 pair of gloves (worn)
 g - a +2 cloak (worn)
 j - a +2 pair of boots
 m - the -1 helmet "Foshryle" {rF+ Will+ Dex-5}
   (Okawaru gifted it to you on level 5 of the Lair of Beasts)

   Dex:       It affects your dexterity (-5).
   rF:        It protects you from fire.
   Will:      It increases your willpower.
 u - +0 acid dragon scales
 x - the +2 kite shield of the Swamp {Contam rElec Will+ rCorr}
   (Okawaru gifted it to you on level 2 of the Orcish Mines)

   rElec:     It insulates you from electricity.
   Contam:    It causes magical contamination when unequipped.
   rCorr:     It protects you from acid and corrosion.
   Will:      It increases your willpower.
 y - the +18 shield of the Gong {rElec rN+ Will+ EV-5}
   (You took it off Donald on level 3 of the Swamp)

   It is deafeningly noisy when blocking attacks.
   EV:        It affects your evasion (-5).
   rElec:     It insulates you from electricity.
   rN:        It protects you from negative energy.
   Will:      It increases your willpower.
 z - the +1 plate armour of Dim Light (worn) {rElec rN+ Will++}
   (You took it off a minotaur in a Gauntlet)

   rElec:     It insulates you from electricity.
   rN:        It protects you from negative energy.
   Will:      It greatly increases your willpower.
 A - the +1 helmet "Atuak" (worn) {rN+++ Regen+ Int+2 Dex-5}
   (You found it on level 5 of the Lair of Beasts)

   Int:       It affects your intelligence (+2).
   Dex:       It affects your dexterity (-5).
   rN:        It renders you almost immune to negative energy.
   Regen:     It increases your rate of health regeneration.
 B - a +2 plate armour
 C - the +1 pair of boots "Ecoxkuh" (worn) {SInv}
   (Okawaru gifted it to you on level 14 of the Dungeon)

   SInv:      It lets you see invisible.
 D - the +0 tower shield of Dust Devil (worn) {Str+3 Dex+5}
   (You found it on level 15 of the Dungeon)

   Str:       It affects your strength (+3).
   Dex:       It affects your dexterity (+5).
 G - a +1 chain mail of fire resistance
 J - a +2 chain mail of cold resistance
Jewellery
 c - the amulet "Nijinesi" (around neck) {Acrobat rF+ Will+}
   (You acquired it on level 14 of the Dungeon)

   [amulet of the acrobat]

   It increases your evasion while moving and waiting.
   rF:        It protects you from fire.
   Will:      It increases your willpower.
 r - a +4 ring of slaying (left hand) {mikee}
 t - a ring of fire
 E - a ring of protection from cold
 H - a +6 ring of strength (right hand)
 Y - a ring of protection from cold
Scrolls
 f - 13 scrolls of teleportation
 k - 20 scrolls of identify
 M - a scroll of enchant armour
Potions
 a - 13 potions of lignification
 d - 6 potions of might
 h - 9 potions of haste
 i - 7 potions of attraction
 l - 3 potions of mutation
 n - 7 potions of cancellation
 p - 3 potions of magic
 q - 15 potions of curing
 F - 3 potions of heal wounds
 K - a potion of resistance

Dungeon Overview and Level Annotations

Branches:
Dungeon (15/15)            Temple (1/1) D:5            Lair (5/5) D:8
  Swamp (3/4) Lair:3       Spider (4/4) Lair:2        Slime (0/5) Lair:5
    Orc (2/2) D:10            Elf (0/3) Orc:2        Vaults (0/5) D:14
 Depths (0/4) D:15        Gauntlet (visited)

Altars:
Ashenzari
Cheibriados
Dithmenos
Elyvilon
Fedhas
Gozag
Hepliaklqana
Kikubaaqudgha
Makhleb
Nemelex Xobeh
Okawaru
Qazlal
Ru
Sif Muna
Trog
Uskayaw
Vehumet
Wu Jian
Xom
Yredelemnul
Zin
The Shining One
Jiyva
Lugonu

Shops:
D:5 [*   D:10 !   Orc:2 *?:[

Portals:
Abyss: Lair:5
Pandemonium: Orc:2

Annotations:
D:2 1 runed translucent door, Crazy Yiuf
D:13 3 runed translucent doors, Maxmaps's ghost, adept FoSk
D:14 3 runed translucent doors, Pios Xaciraj's ghost, journeyman DgHW


Message History

You block the emperor scorpion's attack.
The emperor scorpion closely misses you.
The emperor scorpion claws you but does no damage.
You block the emperor scorpion's attack.
The emperor scorpion claws you but does no damage.
The emperor scorpion claws you.
The torpor snail bites you but does no damage.
You block the emperor scorpion's attack. x2
The emperor scorpion claws you but does no damage.
You closely miss the emperor scorpion.
The emperor scorpion is heavily wounded.
You slash the torpor snail! You barely miss the emperor scorpion.
The emperor scorpion stings you but does no damage.
You block the emperor scorpion's attack. x2
The emperor scorpion stings you but does no damage.
The emperor scorpion closely misses you.
The emperor scorpion claws you but does no damage.
The torpor snail bites you!
The emperor scorpion stings you but does no damage.
The emperor scorpion closely misses you.
The emperor scorpion claws you but does no damage.
You cut the emperor scorpion into ribbons!!!
The emperor scorpion is severely wounded.
You slash the emperor scorpion! You hit the torpor snail.
You block the emperor scorpion's attack. x3
The emperor scorpion stings you but does no damage.
The emperor scorpion barely misses you.
The emperor scorpion claws you but does no damage.
The torpor snail bites you but does no damage.
The emperor scorpion stings you but does no damage.
You block the emperor scorpion's attack.
The emperor scorpion claws you but does no damage.
You slash the emperor scorpion!
The emperor scorpion is almost dead.
You slice the torpor snail!! You slice the emperor scorpion!!
You block the emperor scorpion's attack. x2
The emperor scorpion barely misses you. The emperor scorpion stings you!!
The emperor scorpion claws you but does no damage. x2
You block the torpor snail's attack. The emperor scorpion stings you!
You die...

....................#
^!.............^......##
^...^....#.).........##
..............^.......##
....^.................^#
..................^.....
............^..)........
......%%...........^....
.....(s@................
.....#s#w.......^....#..
......w..............###
. ......................
..................%.....
......<....^^..........^
.......^.......^..#.....
...(..###.........##....
##^........#..##


You could see 2 emperor scorpions and 2 torpor snails.

Vanquished Creatures
  Arachne (Spider:3)
  Jorgrun (D:13)
  Donald (Swamp:3)
  An emperor scorpion (Spider:4)
  Aizul (Spider:3)
  5 ghost moths
  4 broodmothers
  2 eleionomae (Swamp:3)
  2 bunyips
  4 spark wasps
  A dire elephant (Gauntlet)
  A minotaur (Gauntlet)
  An ettin (Orc:1)
  A fire dragon (D:10)
  5 entropy weavers
  8 vault guards (D:14)
  Erolcha (D:11)
  2 demonspawn (Orc:2)
  3 jorogumos
  An ogre mage (D:15)
  7 hydras
  A catoblepas (Lair:3)
  A death knight (D:14)
  A tengu warrior (D:14)
  9 boulder beetles
  2 alligators
  10 centaur warriors
  6 two-headed ogres
  A titan zombie (D:15)
  3 thrashing horrors (Lair:5)
  5 orc high priests
  A soul eater (Orc:2)
  Nergalle (D:11)
  A sixfirhy (Orc:2)
  A goliath frog (Swamp:3)
  9 skeletal warriors
  2 sun moths
  6 pharaoh ants
  A swamp dragon (Swamp:3)
  8 steelbarb worms
  A spriggan druid (Swamp:2)
  7 orb spiders
  3 bog bodies
  2 large abominations (Lair:5)
  A shadow dragon zombie (D:15)
  A phantasmal warrior (D:15)
  5 orc knights
  A necromancer (D:15)
  5 will-o-the-wisps
  14 wolf spiders
  6 manticores
  7 cyclopes
  7 orc sorcerers (Orc:2)
  8 moths of wrath
  11 ugly things
  11 elephants
  10 centaur zombies (D:11)
  A black mamba (Lair:4)
  2 gargoyles
  10 cane toads
  7 torpor snails
  3 smoke demons (Lair:5)
  An unseen horror (D:13)
  12 demonic crawlers
  3 freezing wraiths (D:14)
  2 kobold demonologists
  A rime drake (Lair:5)
  2 efreet
  9 komodo dragons
  2 ice devils (Orc:2)
  An ancient zyme (Lair:5)
  6 trolls
  2 tyrant leeches (Swamp:1)
  5 meliai
  19 tarantellas
  17 slime creatures
  2 polar bears
  3 dream sheep (Lair:5)
  An ettin zombie (D:15)
  16 blink frogs
  A raiju (Gauntlet)
  3 hornets
  31 jumping spiders
  6 flying skulls (Gauntlet)
  A vampire (D:11)
  2 shadows
  A centaur simulacrum (D:14)
  4 spriggans
  4 wraiths
  A ynoxinul (Lair:5)
  13 culicivoras
  6 wyverns
  3 basilisks
  40 yaks
  37 redbacks
  A chaos spawn (Lair:5)
  6 steam dragons
  2 wargs (Orc:1)
  A glowing shapeshifter zombie (D:15)
  16 swamp worms
  A swamp drake (Swamp:2)
  5 water moccasins
  4 acid dragons
  3 ice beasts
  25 orc warriors
  2 black bears
  A sky beast (D:6)
  18 centaurs
  9 ogres
  8 wolves
  A phantom (D:6)
  7 kobold brigands
  12 bullfrogs
  A gnoll sergeant (D:6)
  3 scorpions
  2 necrophages
  11 small abominations (Lair:5)
  5 wights
  11 killer bees
  5 howler monkeys
  An electric eel (Lair:3)
  2 hounds
  17 jellies
  2 gnoll boudas
  30 orc priests
  3 iguanas
  20 orc wizards
  A mummy (D:4)
  2 howler monkey zombies (D:11)
  Robin (D:2)
  13 gnolls
  7 adders
  3 white imps
  An ufetubus (D:5)
  2 worms (D:3)
  3 dart slugs
  71 orcs
  10 endoplasms
  2 giant cockroaches
  14 goblins
  6 hobgoblins
  5 jackals
  39 kobolds
  5 quokkas
  10 ball pythons
  12 bats
  2 frilled lizards
  9 rats
  A spectral kobold (D:3)
956 creatures vanquished.

Vanquished Creatures (others)
  A ghost moth (Spider:3)
  A bloated husk (Swamp:3)
  An orc (D:8)
  A goblin (D:2)
  A demonic plant (Gauntlet)
  22 foxfires
  19 fungi
  20 plants
  4 withered plants (D:15)
70 creatures vanquished.

Grand Total: 1026 creatures vanquished

Notes
Turn   | Place    | Note
-------+----------+-------------------------------------------
     0 | D:1      | qw the Gargoyle Fighter began the quest for the Orb.
     0 | D:1      | Reached XP level 1. HP: 14/14 MP: 1/1
     0 | D:1      | 0 ||| qw: Version: 0.2-a-12-gaebbb33
     0 | D:1      | 0 ||| qw: Game counter: 1602
     0 | D:1      | 0 ||| qw: Always use a shield: true
     0 | D:1      | 0 ||| qw: God list: Okawaru
     0 | D:1      | 0 ||| qw: Allow faded altars: false
     0 | D:1      | 0 ||| qw: Do Orc after D:15 true
     0 | D:1      | 0 ||| qw: Do second Lair branch before Depths: true
     0 | D:1      | 0 ||| qw: Lair rune preference: random
     0 | D:1      | 0 ||| qw: Plans: Normal, Zot:1-4, God:TSO, Crypt, Tomb,
                  | Pan, Slime:5, Hells, Abyss, Orb
     0 | D:1      | 0 ||| PLANNING D:1-11
    64 | D:1      | Reached skill level 2 in Axes
   303 | D:1      | Reached XP level 2. HP: 14/19 MP: 2/2
   560 | D:1      | 560 ||| Stepping ~*~*~tactically~*~*~ (hiding).
   922 | D:1      | 922 ||| UPGRADING to +0 pair of gloves.
   927 | D:1      | 927 ||| UPGRADING to +2 pair of boots.
   932 | D:1      | 932 ||| READING scroll labelled ESEILE KIHIC.
   933 | D:1      | 933 ||| READING scroll labelled ZAMPIBL WEBB.
   934 | D:1      | 934 ||| READING scroll labelled CILUOP DESIX.
   963 | D:2      | Reached skill level 3 in Axes
   964 | D:2      | Reached XP level 3. HP: 18/23 MP: 3/3
  1052 | D:2      | 1052 ||| Stepping ~*~*~tactically~*~*~ (stealth).
  1188 | D:2      | Noticed a scorpion
  1200 | D:2      | Killed a scorpion
  1201 | D:2      | Reached skill level 4 in Axes
  1201 | D:2      | Reached XP level 4. HP: 18/28 MP: 4/4
  1342 | D:2      | Found a hazy altar of Hepliaklqana.
  1473 | D:2      | 1473 ||| Stepping ~*~*~tactically~*~*~ (stealth).
  1475 | D:2      | 1475 ||| Stepping ~*~*~tactically~*~*~ (hiding).
  1523 | D:2      | 1523 ||| Stepping ~*~*~tactically~*~*~ (stealth).
  1540 | D:2      | 1540 ||| Stepping ~*~*~tactically~*~*~ (stealth).
  1548 | D:2      | Reached XP level 5. HP: 31/32 MP: 5/5
  1549 | D:2      | Noticed Robin
  1554 | D:2      | Killed Robin
  1555 | D:2      | 1555 ||| Stepping ~*~*~tactically~*~*~ (hiding).
  1843 | D:2      | Found a runed translucent door.
  1844 | D:2      | Noticed Crazy Yiuf
  2154 | D:2      | 2154 ||| UPGRADING to +2 helmet.
  2159 | D:2      | 2159 ||| UPGRADING to amulet of guardian spirit.
  2164 | D:2      | 2164 ||| DROPPING amulet of faith.
  2165 | D:2      | 2165 ||| UPGRADING to +4 ring of slaying {mikee}.
  2166 | D:2      | 2166 ||| READING scroll labelled UMMAKIA AMIRCHUALL.
  2310 | D:3      | Identified the +8 short sword of the Iron City of Dis
                  | {vorpal, rPois rCorr Int+4}
  2500 | D:3      | Found a faded altar of an unknown god.
  2509 | D:3      | 2509 ||| Stepping ~*~*~tactically~*~*~ (hiding).
  2516 | D:3      | Reached skill level 5 in Axes
  2851 | D:3      | 2851 ||| DROPPING +0 club.
  3151 | D:3      | 3151 ||| READING scroll labelled RYOCHE ANI PIU.
  3152 | D:3      | 3152 ||| READING scroll labelled NEFFIT WAASK.
  3153 | D:3      | 3153 ||| READING scroll labelled CATWOGR GEQIM.
  3189 | D:4      | 3189 ||| PLANNING OSSUARY
  3369 | D:4      | 3369 ||| Stepping ~*~*~tactically~*~*~ (hiding).
  3577 | D:4      | Reached skill level 1 in Dodging
  3577 | D:4      | Reached XP level 6. HP: 37/38 MP: 6/6
  3653 | D:4      | 3653 ||| Stepping ~*~*~tactically~*~*~ (stealth).
  3654 | D:4      | 3654 ||| Stepping ~*~*~tactically~*~*~ (stealth).
  3656 | D:4      | 3656 ||| Stepping ~*~*~tactically~*~*~ (stealth).
  3663 | D:4      | 3663 ||| Stepping ~*~*~tactically~*~*~ (stealth).
  3667 | D:4      | 3667 ||| READING 3 scrolls of identify.
  3667 | D:4      | 3667 ||| IDENTIFYING viscous sapphire potion
  3668 | D:4      | 3668 ||| Stepping ~*~*~tactically~*~*~ (stealth).
  3810 | D:4      | 3810 ||| Stepping ~*~*~tactically~*~*~ (stealth).
  3897 | D:4      | 3897 ||| RIP OSSUARY
  3898 | D:4      | 3898 ||| PLANNING D:1-11
  4184 | D:4      | 4184 ||| READING scroll labelled HEAFYE NOPO.
  4235 | D:4      | 4235 ||| DRINKING 3 fuming orange potions.
  4235 | D:4      | Gained mutation: Your movements are slightly less
                  | encumbered by armour. (ER -2) [potion of mutation]
  4235 | D:4      | Lost mutation: Your movements are slightly less encumbered
                  | by armour. (ER -2) [potion of mutation]
  4235 | D:4      | Gained mutation: You are frail. (-10% HP) [potion of
                  | mutation]
  4235 | D:4      | Gained mutation: You have an increased reservoir of magic.
                  | (+10% MP) [potion of mutation]
  4236 | D:4      | 4236 ||| DRINKING 2 potions of mutation.
  4236 | D:4      | Lost mutation: You have an increased reservoir of magic.
                  | (+10% MP) [potion of mutation]
  4236 | D:4      | Lost mutation: You are frail. (-10% HP) [potion of
                  | mutation]
  4236 | D:4      | Gained mutation: You have hidden genetic defects. [potion
                  | of mutation]
  4236 | D:4      | Gained mutation: Your muscles are strong. (Str +4, Int/Dex
                  | -1) [potion of mutation]
  4269 | D:4      | 4269 ||| DRINKING 3 fuming pink potions.
  4270 | D:4      | 4270 ||| READING 2 scrolls of identify.
  4270 | D:4      | 4270 ||| IDENTIFYING murky pink potion
  4271 | D:4      | 4271 ||| DROPPING potion of flight.
  4298 | D:5      | Entered Level 5 of the Dungeon
  4298 | D:5      | Found a shimmering blue altar of Sif Muna.
  4323 | D:5      | Noticed an ice beast
  4329 | D:5      | Killed an ice beast
  4339 | D:5      | Gained mutation: Your magical capacity is low. (-10% MP)
                  | [hidden defects]
  4360 | D:5      | 4360 ||| Stepping ~*~*~tactically~*~*~ (stealth).
  4362 | D:5      | 4362 ||| Stepping ~*~*~tactically~*~*~ (stealth).
  4374 | D:5      | Reached skill level 6 in Axes
  4406 | D:5      | Reached XP level 7. HP: 43/43 MP: 6/6
  4425 | D:5      | Found a staircase to the Ecumenical Temple.
  4426 | D:5      | 4426 ||| PLANNING TEMPLE
  4433 | Temple   | Entered the Ecumenical Temple
  4434 | Temple   | 4434 ||| PLANNING OKAWARU WORSHIP
  4439 | Temple   | Became a worshipper of Warmaster Okawaru
  4440 | Temple   | 4440 ||| PLANNING D:1-11
  4440 | Temple   | 4440 ||| REMOVING amulet of guardian spirit.
  4445 | Temple   | 4445 ||| DROPPING amulet of guardian spirit.
  4504 | D:5      | Found Ylogeir's Antique Armour Boutique.
  4511 | D:5      | 4511 ||| BUYING chain mail (117 gold).
  4511 | D:5      | Bought a chain mail for 117 gold pieces
  4511 | D:5      | 4511 ||| SHOPLISTING warped chain mail (247 gold, have 66).
  4524 | D:5      | Gained mutation: Your magical capacity is very low. (-20%
                  | MP) [hidden defects]
  4524 | D:5      | Lost mutation: You have hidden genetic defects. [hidden
                  | defects expressed]
  4531 | D:5      | 4531 ||| Stepping ~*~*~tactically~*~*~ (stealth).
  4623 | D:5      | Reached skill level 7 in Axes
  4677 | D:5      | Found an opulent altar of Gozag.
  4685 | D:5      | 4685 ||| DRINKING 2 potions of curing.
  4685 | D:5      | 4685 ||| (to cure confusion)
  4686 | D:5      | Reached * piety under Okawaru
  4687 | D:5      | 4687 ||| INVOKING Heroism.
  4688 | D:5      | 4688 ||| INVOKING Heroism.
  4842 | D:5      | 4842 ||| SWAPPING to +2 war axe of freezing.
  4843 | D:5      | 4843 ||| DROPPING +1 war axe of chaos.
  4846 | D:5      | 4846 ||| DROPPING +0 whip.
  4953 | D:5      | Reached XP level 8. HP: 49/49 MP: 6/6
  5039 | D:5      | Found Owevylox's General Store.
  5045 | D:5      | 5045 ||| SHOPLISTING +2 ring mail "Orerph" {rC+++ Str-5
                  | Int-4 Dex+3} (520 gold, have 100).
  5045 | D:5      | 5045 ||| BUYING potion of attraction (36 gold).
  5045 | D:5      | Bought a potion of attraction for 36 gold pieces
  5045 | D:5      | 5045 ||| SHOPLISTING potion of cancellation (96 gold, have
                  | 64).
  5045 | D:5      | 5045 ||| BUYING potion of curing (36 gold).
  5045 | D:5      | Bought a potion of curing for 36 gold pieces
  5045 | D:5      | 5045 ||| BUYING scroll of identify (24 gold).
  5045 | D:5      | Bought a scroll of identify for 24 gold pieces
  5153 | D:5      | 5153 ||| UPGRADING to +0 chain mail.
  5163 | D:5      | 5163 ||| DROPPING +0 scale mail.
  5164 | D:5      | 5164 ||| UPGRADING to ring of positive energy.
  5165 | D:5      | 5165 ||| READING scroll labelled ROUGGU FOASS.
  5166 | D:5      | 5166 ||| READING 2 scrolls of identify.
  5166 | D:5      | 5166 ||| IDENTIFYING lumpy inky potion
  5167 | D:5      | 5167 ||| DROPPING potion of invisibility.
  5222 | D:6      | 5222 ||| Stepping ~*~*~tactically~*~*~ (hiding).
  5233 | D:6      | Reached skill level 1 in Invocations
  5318 | D:6      | 5318 ||| Stepping ~*~*~tactically~*~*~ (stealth).
  5320 | D:6      | 5320 ||| Stepping ~*~*~tactically~*~*~ (hiding).
  5324 | D:6      | 5324 ||| INVOKING Heroism.
  5327 | D:6      | 5327 ||| Stepping ~*~*~tactically~*~*~ (hiding).
  5439 | D:6      | 5439 ||| INVOKING Heroism.
  5487 | D:6      | Reached skill level 3 in Invocations
  5516 | D:6      | Found a sacrificial altar of Ru.
  5576 | D:6      | Found a broken altar of Ashenzari.
  5678 | D:6      | Noticed a komodo dragon
  5679 | D:6      | 5679 ||| INVOKING Heroism.
  5685 | D:6      | Killed a komodo dragon
  5685 | D:6      | Reached ** piety under Okawaru
  5691 | D:6      | Reached skill level 8 in Axes
  5695 | D:6      | Reached skill level 6 in Fighting
  5695 | D:6      | Reached XP level 9. HP: 55/55 MP: 7/9
  5698 | D:6      | 5698 ||| INVOKING Heroism.
  5734 | D:6      | 5734 ||| INVOKING Heroism.
  5825 | D:6      | 5825 ||| INVOKING Heroism.
  6337 | D:6      | 6337 ||| UPGRADING to +0 cloak.
  6342 | D:6      | 6342 ||| READING 4 scrolls labelled PARAFRA UGEFUITYBB.
  6345 | D:6      | 6345 ||| READING scroll labelled MUMMIE XIGE.
  6434 | D:7      | 6434 ||| INVOKING Heroism.
  6491 | D:7      | 6491 ||| INVOKING Heroism.
  6492 | D:7      | 6492 ||| Stepping randomly (cloudy).
  6517 | D:7      | Reached skill level 9 in Axes
  6560 | D:7      | Found a bloodstained altar of Trog.
  6714 | D:7      | 6714 ||| Stepping ~*~*~tactically~*~*~ (stealth).
  6724 | D:7      | 6724 ||| INVOKING Heroism.
  6728 | D:7      | 6728 ||| FLEEEEING.
  6729 | D:7      | 6729 ||| FLEEEEING.
  6764 | D:7      | 6764 ||| FLEEEEING.
  6765 | D:7      | 6765 ||| FLEEEEING.
  6770 | D:7      | 6770 ||| FLEEEEING.
  6771 | D:7      | 6771 ||| FLEEEEING.
  6779 | D:7      | 6779 ||| FLEEEEING.
  6780 | D:7      | 6780 ||| FLEEEEING.
  6781 | D:7      | 6781 ||| FLEEEEING.
  6782 | D:7      | 6782 ||| FLEEEEING.
  6783 | D:7      | 6783 ||| FLEEEEING.
  6784 | D:7      | 6784 ||| FLEEEEING.
  6785 | D:7      | 6785 ||| FLEEEEING.
  6786 | D:7      | 6786 ||| FLEEEEING.
  6787 | D:7      | 6787 ||| FLEEEEING.
  6788 | D:7      | 6788 ||| FLEEEEING.
  6789 | D:7      | 6789 ||| FLEEEEING.
  6796 | D:7      | 6796 ||| FLEEEEING.
  6798 | D:7      | 6798 ||| FLEEEEING.
  6799 | D:7      | 6799 ||| FLEEEEING.
  6800 | D:7      | 6800 ||| FLEEEEING.
  6801 | D:7      | 6801 ||| FLEEEEING.
  6802 | D:7      | 6802 ||| FLEEEEING.
  6803 | D:7      | 6803 ||| FLEEEEING.
  6804 | D:7      | 6804 ||| FLEEEEING.
  6805 | D:7      | 6805 ||| FLEEEEING.
  6806 | D:7      | 6806 ||| FLEEEEING.
  6820 | D:7      | 6820 ||| Stepping ~*~*~tactically~*~*~ (hiding).
  6821 | D:7      | 6821 ||| INVOKING Heroism.
  6859 | D:7      | 6859 ||| INVOKING Heroism.
  6982 | D:7      | 6982 ||| INVOKING Heroism.
  7280 | D:7      | 7280 ||| INVOKING Heroism.
  7366 | D:7      | 7366 ||| Stepping ~*~*~tactically~*~*~ (hiding).
  7372 | D:7      | Reached skill level 1 in Throwing
  7668 | D:7      | 7668 ||| INVOKING Heroism.
  7671 | D:7      | Reached *** piety under Okawaru
  7672 | D:7      | 7672 ||| Stepping ~*~*~tactically~*~*~ (cloud).
  7711 | D:7      | 7711 ||| UPGRADING to +0 chain mail of cold resistance.
  7721 | D:7      | 7721 ||| DROPPING +0 chain mail.
  7722 | D:7      | 7722 ||| READING scroll labelled ETEBEG ULAO.
  7723 | D:7      | 7723 ||| READING 2 scrolls of identify.
  7723 | D:7      | 7723 ||| IDENTIFYING black potion
  7773 | D:8      | 7773 ||| INVOKING Heroism.
  7777 | D:8      | 7777 ||| STAIRDANCE
  7799 | D:8      | 7799 ||| INVOKING Heroism.
  7804 | D:8      | Reached skill level 6 in Armour
  7805 | D:8      | Reached XP level 10. HP: 45/63 MP: 7/10
  7820 | D:8      | 7820 ||| FLEEEEING.
  7823 | D:8      | 7823 ||| STAIRDANCE
  7826 | D:7      | 7826 ||| DRINKING 4 potions of curing.
  7826 | D:7      | 7826 ||| (to cure confusion)
  7871 | D:8      | 7871 ||| Stepping ~*~*~tactically~*~*~ (stealth).
  7882 | D:8      | 7882 ||| Stepping ~*~*~tactically~*~*~ (stealth).
  7954 | D:8      | 7954 ||| READING scroll of enchant armour.
  7954 | D:8      | 7954 ||| ENCHANTING +0 pair of gloves.
  8016 | D:8      | Found a staircase to the Lair.
  8052 | D:8      | 8052 ||| Stepping ~*~*~tactically~*~*~ (stealth).
  8053 | D:8      | 8053 ||| Stepping ~*~*~tactically~*~*~ (stealth).
  8094 | D:8      | 8094 ||| INVOKING Heroism.
  8124 | D:8      | 8124 ||| INVOKING Heroism.
  8126 | D:8      | 8126 ||| Stepping ~*~*~tactically~*~*~ (cloud).
  8127 | D:8      | 8127 ||| Stepping ~*~*~tactically~*~*~ (cloud).
  8128 | D:8      | 8128 ||| READING 2 scrolls of identify.
  8128 | D:8      | 8128 ||| IDENTIFYING metallic black potion
  8129 | D:8      | 8129 ||| DROPPING potion of ambrosia.
  8136 | D:8      | Reached skill level 10 in Axes
  8136 | D:8      | 8136 ||| Stepping ~*~*~tactically~*~*~ (cloud).
  8178 | D:8      | 8178 ||| DROPPING +2 whip of draining.
  8186 | D:8      | 8186 ||| READING 3 scrolls of teleportation.
  8210 | D:8      | 8210 ||| Stepping ~*~*~tactically~*~*~ (hiding).
  8211 | D:8      | 8211 ||| Stepping ~*~*~tactically~*~*~ (hiding).
  8212 | D:8      | 8212 ||| Stepping ~*~*~tactically~*~*~ (hiding).
  8213 | D:8      | 8213 ||| Stepping ~*~*~tactically~*~*~ (hiding).
  8244 | D:8      | 8244 ||| Stepping ~*~*~tactically~*~*~ (stealth).
  8249 | D:8      | 8249 ||| Stepping ~*~*~tactically~*~*~ (stealth).
  8253 | D:8      | 8253 ||| INVOKING Heroism.
  8254 | D:8      | 8254 ||| Stepping ~*~*~tactically~*~*~ (stealth).
  8446 | D:8      | 8446 ||| READING 2 scrolls of teleportation.
  8504 | D:8      | 8504 ||| READING scroll of teleportation.
  8505 | D:8      | 8505 ||| FLEEEEING.
  8506 | D:8      | 8506 ||| FLEEEEING.
  8507 | D:8      | 8507 ||| FLEEEEING.
  8508 | D:8      | 8508 ||| FLEEEEING.
  8521 | D:8      | 8521 ||| READING scroll of enchant armour.
  8521 | D:8      | 8521 ||| ENCHANTING +1 pair of gloves.
  8573 | D:8      | 8573 ||| PLANNING LAIR
  8659 | D:8      | 8659 ||| SWAPPING to +3 war axe of freezing.
  8660 | D:8      | 8660 ||| DROPPING +2 war axe of freezing.
  8752 | Lair:1   | Entered Level 1 of the Lair of Beasts
  9045 | Lair:1   | 9045 ||| INVOKING Heroism.
  9050 | Lair:1   | Received a gift from Okawaru
  9156 | Lair:1   | Noticed a cane toad
  9157 | Lair:1   | 9157 ||| INVOKING Heroism.
  9160 | Lair:1   | Killed a cane toad
  9161 | Lair:1   | Reached skill level 3 in Throwing
  9505 | Lair:1   | 9505 ||| DROPPING ring of flight.
  9545 | Lair:2   | 9545 ||| INVOKING Heroism.
  9546 | Lair:2   | 9546 ||| Stepping ~*~*~tactically~*~*~ (stealth).
  9551 | Lair:2   | 9551 ||| Stepping ~*~*~tactically~*~*~ (stealth).
  9554 | Lair:2   | 9554 ||| Stepping ~*~*~tactically~*~*~ (stealth).
  9562 | Lair:2   | Reached **** piety under Okawaru
  9563 | Lair:2   | 9563 ||| INVOKING Heroism.
  9570 | Lair:2   | Received a gift from Okawaru
  9571 | Lair:2   | Reached skill level 11 in Axes
  9572 | Lair:2   | Reached XP level 11. HP: 58/68 MP: 8/12
  9576 | Lair:2   | Reached skill level 6 in Invocations
  9725 | Lair:2   | 9725 ||| INVOKING Heroism.
  9757 | Lair:2   | Reached ***** piety under Okawaru
  9828 | Lair:2   | 9828 ||| INVOKING Heroism.
  9880 | Lair:2   | 9880 ||| INVOKING Heroism.
 10032 | Lair:2   | 10032 ||| INVOKING Heroism.
 10214 | Lair:2   | Identified the +1 chain mail "Nofadgh" {rF- Will+++ Dex+3}
 10230 | Lair:2   | 10230 ||| INVOKING Heroism.
 10259 | Lair:2   | Received a gift from Okawaru
 10260 | Lair:2   | 10260 ||| Stepping ~*~*~tactically~*~*~ (stealth).
 10278 | Lair:2   | Reached skill level 9 in Fighting
 10459 | Lair:2   | 10459 ||| Stepping ~*~*~tactically~*~*~ (stealth).
 10460 | Lair:2   | 10460 ||| Stepping ~*~*~tactically~*~*~ (stealth).
 10482 | Lair:2   | 10482 ||| Stepping ~*~*~tactically~*~*~ (stealth).
 10535 | Lair:2   | Found a hole to the Spider Nest.
 10621 | Lair:2   | 10621 ||| INVOKING Heroism.
 10628 | Lair:2   | Reached skill level 9 in Invocations
 10765 | Lair:2   | Identified the +1 leather armour of the Orb Guardian
                  | {Str+3}
 10844 | Lair:2   | 10844 ||| UPGRADING to +1 chain mail "Nofadgh" {rF- Will+++
                  | Dex+3}.
 10854 | Lair:2   | 10854 ||| READING scroll labelled ESEPOA VOAPROI.
 10855 | Lair:2   | 10855 ||| READING 2 scrolls of identify.
 10855 | Lair:2   | 10855 ||| IDENTIFYING cyan potion
 10856 | Lair:2   | 10856 ||| DROPPING potion of brilliance.
 10886 | Lair:3   | 10886 ||| READING scroll of enchant weapon.
 10886 | Lair:3   | 10886 ||| ENCHANTING +3 war axe of freezing.
 10974 | Lair:3   | 10974 ||| INVOKING Heroism.
 11105 | Lair:3   | Identified the +5 falchion of Kowkikhaa {flame, *Noise
                  | Int+6 Stlth+}
 11219 | Lair:3   | 11219 ||| INVOKING Heroism.
 11230 | Lair:3   | Identified the +3 pair of gloves of the Lich-sworn {Harm
                  | Will+ Regen+ Stlth+} (Okawaru gifted it to you on level 3
                  | of the Lair of Beasts)
 11230 | Lair:3   | Received a gift from Okawaru
 11373 | Lair:3   | Noticed a catoblepas
 11374 | Lair:3   | 11374 ||| INVOKING Heroism.
 11375 | Lair:3   | 11375 ||| INVOKING Finesse.
 11387 | Lair:3   | Killed a catoblepas
 11388 | Lair:3   | Reached XP level 12. HP: 38/76 MP: 8/15
 11656 | Lair:3   | 11656 ||| Stepping ~*~*~tactically~*~*~ (hiding).
 11661 | Lair:3   | 11661 ||| INVOKING Heroism.
 11680 | Lair:3   | 11680 ||| Stepping ~*~*~tactically~*~*~ (stealth).
 11682 | Lair:3   | Found a staircase to the Swamp.
 11894 | Lair:4   | 11894 ||| INVOKING Heroism.
 11985 | Lair:4   | Reached skill level 12 in Axes
 11991 | Lair:4   | 11991 ||| Stepping ~*~*~tactically~*~*~ (stealth).
 11992 | Lair:4   | 11992 ||| Stepping ~*~*~tactically~*~*~ (stealth).
 12065 | Lair:4   | Noticed a four-headed hydra
 12066 | Lair:4   | 12066 ||| INVOKING Heroism.
 12067 | Lair:4   | 12067 ||| INVOKING Finesse.
 12069 | Lair:4   | 12069 ||| SWAPPING to +0 flail.
 12080 | Lair:4   | Killed a four-headed hydra
 12081 | Lair:4   | 12081 ||| SWAPPING to +4 war axe of freezing.
 12225 | Lair:4   | 12225 ||| INVOKING Heroism.
 12359 | Lair:4   | 12359 ||| DROPPING +1 whip of electrocution.
 12536 | Lair:4   | 12536 ||| INVOKING Heroism.
 12552 | Lair:4   | 12552 ||| DROPPING +0 flail.
 12683 | Lair:4   | 12683 ||| UPGRADING to ring of protection from cold.
 12696 | Lair:5   | Entered Level 5 of the Lair of Beasts
 12705 | Lair:5   | 12705 ||| INVOKING Heroism.
 12714 | Lair:5   | Reached skill level 6 in Shields
 12769 | Lair:5   | Found a basalt altar of Yredelemnul.
 12803 | Lair:5   | 12803 ||| Stepping ~*~*~tactically~*~*~ (stealth).
 12804 | Lair:5   | 12804 ||| Stepping ~*~*~tactically~*~*~ (stealth).
 12819 | Lair:5   | 12819 ||| INVOKING Heroism.
 12854 | Lair:5   | 12854 ||| Stepping ~*~*~tactically~*~*~ (stealth).
 12856 | Lair:5   | 12856 ||| Stepping ~*~*~tactically~*~*~ (stealth).
 12880 | Lair:5   | 12880 ||| Stepping ~*~*~tactically~*~*~ (stealth).
 12881 | Lair:5   | 12881 ||| Stepping ~*~*~tactically~*~*~ (stealth).
 12888 | Lair:5   | 12888 ||| INVOKING Heroism.
 12908 | Lair:5   | Found a staircase to the Slime Pits.
 12909 | Lair:5   | Found a viscous altar of Jiyva.
 12911 | Lair:5   | 12911 ||| Stepping ~*~*~tactically~*~*~ (stealth).
 12940 | Lair:5   | 12940 ||| Stepping ~*~*~tactically~*~*~ (stealth).
 12970 | Lair:5   | Noticed an eight-headed hydra
 12972 | Lair:5   | 12972 ||| INVOKING Heroism.
 12973 | Lair:5   | 12973 ||| SWAPPING to +0 morningstar of holy wrath.
 12981 | Lair:5   | Killed an eight-headed hydra
 12982 | Lair:5   | 12982 ||| SWAPPING to +4 war axe of freezing.
 13123 | Lair:5   | 13123 ||| INVOKING Heroism.
 13128 | Lair:5   | 13128 ||| Stepping ~*~*~tactically~*~*~ (stealth).
 13138 | Lair:5   | 13138 ||| Stepping ~*~*~tactically~*~*~ (stealth).
 13146 | Lair:5   | Reached skill level 13 in Axes
 13230 | Lair:5   | 13230 ||| INVOKING Heroism.
 13231 | Lair:5   | 13231 ||| Stepping ~*~*~tactically~*~*~ (stealth).
 13243 | Lair:5   | Reached skill level 3 in Dodging
 13243 | Lair:5   | Reached XP level 13. HP: 82/82 MP: 14/16
 13278 | Lair:5   | 13278 ||| Stepping ~*~*~tactically~*~*~ (stealth).
 13280 | Lair:5   | 13280 ||| FLEEEEING.
 13281 | Lair:5   | 13281 ||| FLEEEEING.
 13287 | Lair:5   | 13287 ||| STAIRDANCE
 13295 | Lair:4   | 13295 ||| FLEEEEING.
 13296 | Lair:4   | 13296 ||| FLEEEEING.
 13297 | Lair:4   | 13297 ||| FLEEEEING.
 13298 | Lair:4   | 13298 ||| FLEEEEING.
 13299 | Lair:4   | 13299 ||| FLEEEEING.
 13300 | Lair:4   | 13300 ||| FLEEEEING.
 13373 | Lair:5   | Reached skill level 9 in Armour
 13470 | Lair:5   | 13470 ||| INVOKING Heroism.
 13534 | Lair:5   | 13534 ||| INVOKING Heroism.
 13535 | Lair:5   | 13535 ||| SWAPPING to +0 morningstar of holy wrath.
 13536 | Lair:5   | 13536 ||| INVOKING Finesse.
 13544 | Lair:5   | Received a gift from Okawaru
 13545 | Lair:5   | 13545 ||| SWAPPING to +4 war axe of freezing.
 13623 | Lair:5   | 13623 ||| Stepping ~*~*~tactically~*~*~ (stealth).
 13624 | Lair:5   | 13624 ||| INVOKING Heroism.
 13692 | Lair:5   | 13692 ||| Stepping ~*~*~tactically~*~*~ (stealth).
 13694 | Lair:5   | 13694 ||| Stepping ~*~*~tactically~*~*~ (stealth).
 13720 | Lair:5   | 13720 ||| Stepping ~*~*~tactically~*~*~ (stealth).
 13722 | Lair:5   | 13722 ||| Stepping ~*~*~tactically~*~*~ (stealth).
 13726 | Lair:5   | 13726 ||| INVOKING Heroism.
 13794 | Lair:5   | 13794 ||| INVOKING Heroism.
 13864 | Lair:5   | 13864 ||| Stepping ~*~*~tactically~*~*~ (stealth).
 13865 | Lair:5   | 13865 ||| INVOKING Heroism.
 13922 | Lair:5   | 13922 ||| INVOKING Heroism.
 13927 | Lair:5   | Reached skill level 14 in Axes
 13931 | Lair:5   | 13931 ||| Stepping ~*~*~tactically~*~*~ (stealth).
 13932 | Lair:5   | 13932 ||| Stepping ~*~*~tactically~*~*~ (stealth).
 13996 | Lair:5   | 13996 ||| FLEEEEING.
 14110 | Lair:5   | 14110 ||| Stepping ~*~*~tactically~*~*~ (stealth).
 14111 | Lair:5   | 14111 ||| INVOKING Heroism.
 14134 | Lair:5   | 14134 ||| Stepping ~*~*~tactically~*~*~ (stealth).
 14192 | Lair:5   | 14192 ||| Stepping ~*~*~tactically~*~*~ (stealth).
 14207 | Lair:5   | 14207 ||| INVOKING Heroism.
 14208 | Lair:5   | Identified the -1 helmet "Foshryle" {rF+ Will+ Dex-5}
                  | (Okawaru gifted it to you on level 5 of the Lair of Beasts)
 14208 | Lair:5   | Received a gift from Okawaru
 14221 | Lair:5   | 14221 ||| Stepping ~*~*~tactically~*~*~ (stealth).
 14224 | Lair:5   | 14224 ||| Stepping ~*~*~tactically~*~*~ (stealth).
 14232 | Lair:5   | 14232 ||| Stepping ~*~*~tactically~*~*~ (stealth).
 14234 | Lair:5   | 14234 ||| INVOKING Heroism.
 14413 | Lair:5   | 14413 ||| READING scroll of enchant armour.
 14413 | Lair:5   | 14413 ||| ENCHANTING +0 cloak.
 14449 | Lair:5   | Found a corrupted altar of Lugonu.
 14449 | Lair:5   | Found a one-way gate to the infinite horrors of the Abyss.
 14461 | Lair:5   | Identified the +1 helmet "Atuak" {rN+++ Regen+ Int+2 Dex-5}
 14496 | Lair:5   | 14496 ||| INVOKING Heroism.
 14532 | Lair:5   | 14532 ||| Stepping ~*~*~tactically~*~*~ (stealth).
 14535 | Lair:5   | 14535 ||| Stepping ~*~*~tactically~*~*~ (stealth).
 14536 | Lair:5   | 14536 ||| INVOKING Heroism.
 14556 | Lair:5   | 14556 ||| Stepping ~*~*~tactically~*~*~ (stealth).
 14699 | Lair:5   | 14699 ||| INVOKING Heroism.
 14871 | Lair:5   | 14871 ||| PLANNING D:1-11
 14871 | Lair:5   | 14871 ||| UPGRADING to +1 helmet "Atuak" {rN+++ Regen+
                  | Int+2 Dex-5}.
 14881 | Lair:5   | 14881 ||| DROPPING +2 helmet.
 14882 | Lair:5   | 14882 ||| READING scroll labelled RIL HUACUTT.
 15154 | D:9      | 15154 ||| Stepping ~*~*~tactically~*~*~ (hiding).
 15308 | D:9      | 15308 ||| INVOKING Heroism.
 15375 | D:9      | 15375 ||| INVOKING Heroism.
 15380 | D:9      | 15380 ||| Stepping ~*~*~tactically~*~*~ (stealth).
 15382 | D:9      | 15382 ||| Stepping ~*~*~tactically~*~*~ (stealth).
 15388 | D:9      | 15388 ||| Stepping ~*~*~tactically~*~*~ (stealth).
 15389 | D:9      | 15389 ||| Stepping ~*~*~tactically~*~*~ (stealth).
 15625 | D:9      | You fall into a shaft and drop 3 floors!
 15636 | D:12     | 15636 ||| INVOKING Heroism.
 15702 | D:12     | 15702 ||| READING 9 scrolls of identify.
 15702 | D:12     | 15702 ||| IDENTIFYING gluggy blue potion
 15727 | D:11     | Noticed Erolcha
 15730 | D:11     | 15730 ||| INVOKING Heroism.
 15731 | D:11     | 15731 ||| INVOKING Finesse.
 15743 | D:11     | Killed Erolcha
 15785 | D:11     | 15785 ||| Stepping ~*~*~tactically~*~*~ (stealth).
 15836 | D:11     | Noticed Nergalle
 15837 | D:11     | 15837 ||| INVOKING Heroism.
 15853 | D:11     | Killed Nergalle
 15854 | D:11     | Reached skill level 15 in Axes
 15878 | D:11     | Gained mutation: Your large and strong wings let you fly.
                  | [Gargoyle growth]
 15878 | D:11     | Reached XP level 14. HP: 90/90 MP: 17/17
 15912 | D:11     | 15912 ||| Stepping ~*~*~tactically~*~*~ (stealth).
 15923 | D:11     | 15923 ||| Stepping ~*~*~tactically~*~*~ (stealth).
 15932 | D:11     | 15932 ||| INVOKING Heroism.
 15943 | D:11     | 15943 ||| Stepping ~*~*~tactically~*~*~ (hiding).
 15945 | D:11     | 15945 ||| Stepping ~*~*~tactically~*~*~ (stealth).
 15972 | D:11     | 15972 ||| Stepping ~*~*~tactically~*~*~ (hiding).
 15990 | D:11     | 15990 ||| Stepping ~*~*~tactically~*~*~ (stealth).
 15994 | D:11     | Received a gift from Okawaru
 16009 | D:11     | 16009 ||| Stepping ~*~*~tactically~*~*~ (stealth).
 16073 | D:11     | 16073 ||| Stepping ~*~*~tactically~*~*~ (hiding).
 16074 | D:11     | Identified the +7 hand axe "Zureac" {spect, Dex+6}
 16075 | D:11     | 16075 ||| INVOKING Heroism.
 16094 | D:11     | 16094 ||| DROPPING scarf of harm.
 16103 | D:10     | Entered Level 10 of the Dungeon
 16362 | D:9      | 16362 ||| READING 8 scrolls of identify.
 16362 | D:9      | 16362 ||| IDENTIFYING bubbling dark potion
 16363 | D:9      | 16363 ||| DROPPING potion of berserk rage.
 16406 | D:10     | 16406 ||| STAIRDANCE
 16418 | D:10     | 16418 ||| STAIRDANCE
 16457 | D:10     | 16457 ||| Stepping ~*~*~tactically~*~*~ (stealth).
 16459 | D:10     | 16459 ||| Stepping ~*~*~tactically~*~*~ (stealth).
 16462 | D:10     | 16462 ||| INVOKING Heroism.
 16544 | D:10     | Found a staircase to the Orcish Mines.
 16558 | D:10     | 16558 ||| INVOKING Heroism.
 16748 | D:10     | 16748 ||| Stepping ~*~*~tactically~*~*~ (stealth).
 16750 | D:10     | 16750 ||| Stepping ~*~*~tactically~*~*~ (stealth).
 16758 | D:10     | 16758 ||| INVOKING Heroism.
 16927 | D:10     | 16927 ||| INVOKING Heroism.
 16941 | D:10     | Reached skill level 12 in Fighting
 16999 | D:10     | 16999 ||| Stepping ~*~*~tactically~*~*~ (stealth).
 17008 | D:10     | 17008 ||| INVOKING Heroism.
 17009 | D:10     | 17009 ||| INVOKING Finesse.
 17014 | D:10     | HP: 11/92 [fire dragon/blast of flame (36)]
 17015 | D:10     | 17015 ||| READING 5 scrolls of teleportation.
 17016 | D:10     | 17016 ||| DRINKING 2 potions of heal wounds.
 17181 | D:10     | 17181 ||| READING 4 scrolls of teleportation.
 17225 | D:10     | 17225 ||| READING 3 scrolls of teleportation.
 17243 | D:10     | Found Hiteg's Distillery.
 17258 | D:10     | 17258 ||| BUYING 2 potions of cancellation (240 gold).
 17258 | D:10     | Bought 2 potions of cancellation for 240 gold pieces
 17258 | D:10     | 17258 ||| BUYING potion of cancellation (120 gold).
 17258 | D:10     | Bought a potion of cancellation for 120 gold pieces
 17258 | D:10     | 17258 ||| BUYING potion of curing (45 gold).
 17258 | D:10     | Bought a potion of curing for 45 gold pieces
 17258 | D:10     | 17258 ||| BUYING potion of curing (45 gold).
 17258 | D:10     | Bought a potion of curing for 45 gold pieces
 17258 | D:10     | 17258 ||| BUYING potion of curing (45 gold).
 17258 | D:10     | Bought a potion of curing for 45 gold pieces
 17258 | D:10     | 17258 ||| BUYING potion of heal wounds (75 gold).
 17258 | D:10     | Bought a potion of heal wounds for 75 gold pieces
 17258 | D:10     | 17258 ||| BUYING potion of lignification (45 gold).
 17258 | D:10     | Bought a potion of lignification for 45 gold pieces
 17258 | D:10     | 17258 ||| BUYING potion of mutation (120 gold).
 17258 | D:10     | Bought a potion of mutation for 120 gold pieces
 17294 | D:10     | 17294 ||| READING 2 scrolls of teleportation.
 17297 | D:10     | 17297 ||| INVOKING Heroism.
 17298 | D:10     | 17298 ||| SWAPPING to +0 morningstar of holy wrath.
 17299 | D:10     | 17299 ||| INVOKING Finesse.
 17312 | D:10     | 17312 ||| SWAPPING to +4 war axe of freezing.
 17367 | D:10     | Identified the +6 long sword of the Divine God {speed,
                  | rPois Will- SInv}
 17517 | D:11     | 17517 ||| INVOKING Heroism.
 17581 | D:11     | 17581 ||| Stepping ~*~*~tactically~*~*~ (hiding).
 17582 | D:11     | 17582 ||| Stepping ~*~*~tactically~*~*~ (hiding).
 17583 | D:11     | 17583 ||| Stepping ~*~*~tactically~*~*~ (hiding).
 17776 | D:11     | Identified the +0 cloak "Qyvilumi" {*Slow Str+3 Int+3}
 17844 | D:11     | Found a basalt altar of Yredelemnul.
 17934 | D:11     | 17934 ||| PLANNING D
 17934 | D:11     | 17934 ||| DROPPING +0 cloak "Qyvilumi" {*Slow Str+3 Int+3}.
 17979 | D:12     | 17979 ||| INVOKING Heroism.
 18017 | D:12     | 18017 ||| INVOKING Heroism.
 18062 | D:12     | 18062 ||| READING scroll of brand weapon.
 18062 | D:12     | 18062 ||| BRANDING +4 war axe of freezing.
 18103 | D:12     | 18103 ||| INVOKING Heroism.
 18217 | D:12     | 18217 ||| Stepping ~*~*~tactically~*~*~ (stealth).
 18225 | D:12     | 18225 ||| INVOKING Heroism.
 18289 | D:12     | 18289 ||| Stepping ~*~*~tactically~*~*~ (hiding).
 18292 | D:12     | 18292 ||| INVOKING Heroism.
 18502 | D:13     | 18502 ||| Stepping ~*~*~tactically~*~*~ (stealth).
 18504 | D:13     | 18504 ||| Stepping ~*~*~tactically~*~*~ (hiding).
 18506 | D:13     | 18506 ||| Stepping ~*~*~tactically~*~*~ (hiding).
 18514 | D:13     | Reached skill level 16 in Axes
 18515 | D:13     | 18515 ||| INVOKING Heroism.
 18560 | D:13     | Received a gift from Okawaru
 18568 | D:13     | 18568 ||| INVOKING Heroism.
 18623 | D:13     | Found a runed translucent gate.
 18624 | D:13     | Found a runed translucent gate.
 18625 | D:13     | Found a runed translucent gate.
 18626 | D:13     | Noticed Maxmaps's ghost (adept FoSk)
 18629 | D:13     | Found an iron altar of Okawaru.
 18671 | D:13     | Noticed Jorgrun
 18672 | D:13     | 18672 ||| Stepping ~*~*~tactically~*~*~ (hiding).
 18675 | D:13     | 18675 ||| Stepping ~*~*~tactically~*~*~ (hiding).
 18677 | D:13     | 18677 ||| INVOKING Heroism.
 18678 | D:13     | 18678 ||| INVOKING Finesse.
 18690 | D:13     | Killed Jorgrun
 18819 | D:13     | 18819 ||| Stepping ~*~*~tactically~*~*~ (stealth).
 18823 | D:13     | 18823 ||| Stepping ~*~*~tactically~*~*~ (hiding).
 18825 | D:13     | 18825 ||| Stepping ~*~*~tactically~*~*~ (hiding).
 18860 | D:13     | 18860 ||| Stepping ~*~*~tactically~*~*~ (hiding).
 18862 | D:13     | 18862 ||| INVOKING Heroism.
 18889 | D:13     | Reached XP level 15. HP: 79/97 MP: 18/18
 18890 | D:13     | Received a gift from Okawaru
 18943 | D:13     | 18943 ||| DROPPING +3 broad axe of distortion.
 18966 | D:13     | 18966 ||| Stepping ~*~*~tactically~*~*~ (stealth).
 18969 | D:13     | 18969 ||| INVOKING Heroism.
 19049 | D:13     | 19049 ||| READING 3 scrolls of enchant armour.
 19049 | D:13     | 19049 ||| ENCHANTING +1 cloak.
 19230 | D:13     | 19230 ||| READING scroll labelled BOZASCHO LUDA.
 19289 | D:14     | 19289 ||| INVOKING Heroism.
 19368 | D:14     | 19368 ||| INVOKING Heroism.
 19473 | D:14     | 19473 ||| Stepping ~*~*~tactically~*~*~ (hiding).
 19482 | D:14     | Reached skill level 9 in Shields
 19487 | D:14     | 19487 ||| INVOKING Heroism.
 19496 | D:14     | 19496 ||| FLEEEEING.
 19498 | D:14     | 19498 ||| FLEEEEING.
 19499 | D:14     | 19499 ||| FLEEEEING.
 19500 | D:14     | 19500 ||| FLEEEEING.
 19501 | D:14     | 19501 ||| FLEEEEING.
 19502 | D:14     | 19502 ||| FLEEEEING.
 19503 | D:14     | 19503 ||| FLEEEEING.
 19736 | D:14     | Found a runed translucent gate.
 19736 | D:14     | Found a runed translucent gate.
 19736 | D:14     | Found a runed translucent gate.
 19736 | D:14     | Noticed a rockslime
 19736 | D:14     | Noticed an acid blob
 19737 | D:14     | Noticed Pios Xaciraj's ghost (journeyman DgHW)
 19737 | D:14     | Noticed a rockslime
 19765 | D:14     | 19765 ||| INVOKING Heroism.
 19868 | D:14     | Found a sacrificial altar of Ru.
 19950 | D:14     | Found a gate to the Vaults.
 19951 | D:14     | 19951 ||| Stepping ~*~*~tactically~*~*~ (hiding).
 19960 | D:14     | 19960 ||| INVOKING Heroism.
 19992 | D:14     | Identified the +1 pair of boots "Ecoxkuh" {SInv} (Okawaru
                  | gifted it to you on level 14 of the Dungeon)
 19992 | D:14     | Received a gift from Okawaru
 19993 | D:14     | HP: 21/100 [vault guard/+0 great mace (8)]
 19994 | D:14     | 19994 ||| READING 3 scrolls of teleportation.
 19994 | D:14     | HP: 8/100 [vault guard/+0 bardiche (14)]
 19995 | D:14     | 19995 ||| DRINKING 2 potions of heal wounds.
 19998 | D:14     | 19998 ||| DRINKING potion of heal wounds.
 20042 | D:14     | 20042 ||| INVOKING Heroism.
 20167 | D:14     | Found a viscous altar of Jiyva.
 20300 | D:14     | 20300 ||| INVOKING Heroism.
 20301 | D:14     | 20301 ||| INVOKING Finesse.
 20303 | D:14     | 20303 ||| SWAPPING to +0 morningstar of holy wrath.
 20319 | D:14     | Reached skill level 12 in Armour
 20319 | D:14     | 20319 ||| SWAPPING to +4 war axe of venom.
 20414 | D:14     | 20414 ||| Stepping ~*~*~tactically~*~*~ (hiding).
 20415 | D:14     | 20415 ||| Stepping ~*~*~tactically~*~*~ (hiding).
 20417 | D:14     | 20417 ||| INVOKING Heroism.
 20633 | D:14     | Found a viscous altar of Jiyva.
 20634 | D:14     | 20634 ||| UPGRADING to +0 tower shield.
 20644 | D:14     | 20644 ||| DROPPING +0 buckler.
 20645 | D:14     | 20645 ||| UPGRADING to +1 pair of boots "Ecoxkuh" {SInv}.
 20655 | D:14     | 20655 ||| READING scroll labelled XUWUKA UKLOC.
 20655 | D:14     | Identified a scroll of acquirement
 20655 | D:14     | 20655 ||| ACQUIRING amulet "Nijinesi" {Acrobat rF+ Will+}
 20655 | D:14     | Acquired the amulet "Nijinesi" {Acrobat rF+ Will+}
 20657 | D:14     | 20657 ||| UPGRADING to amulet "Nijinesi" {Acrobat rF+
                  | Will+}.
 20662 | D:14     | 20662 ||| READING scroll labelled VOSYGENW SENG.
 20691 | D:15     | Entered Level 15 of the Dungeon
 20691 | D:15     | Found a gate leading to a gauntlet.
 20692 | D:15     | 20692 ||| PLANNING GAUNTLET
 20692 | D:15     | Identified the +0 tower shield of Dust Devil {Str+3 Dex+5}
 20696 | D:15     | 20696 ||| UPGRADING to +0 tower shield of Dust Devil {Str+3
                  | Dex+5}.
 20706 | D:15     | 20706 ||| DROPPING +0 tower shield.
 20707 | D:15     | 20707 ||| UPGRADING to +0 plate armour.
 20717 | D:15     | 20717 ||| READING 2 scrolls of enchant armour.
 20717 | D:15     | 20717 ||| ENCHANTING +0 plate armour.
 20718 | D:15     | 20718 ||| READING scroll of enchant armour.
 20718 | D:15     | 20718 ||| ENCHANTING +1 plate armour.
 20720 | Gauntlet | Entered a Gauntlet
 20720 | Gauntlet | Found a transporter.
 20720 | Gauntlet | Found a transporter.
 20735 | Gauntlet | Found a transporter.
 20735 | Gauntlet | Found the +5 sword of Power {vorpal}
 20740 | Gauntlet | Found a transporter.
 20753 | Gauntlet | Found a transporter.
 20754 | Gauntlet | Found a transporter.
 20761 | Gauntlet | Found a transporter.
 20783 | Gauntlet | Found a transporter.
 20797 | Gauntlet | Found a transporter.
 20801 | Gauntlet | Found a transporter.
 20805 | Gauntlet | Found a runed translucent door.
 20806 | Gauntlet | Found a runed translucent door.
 20809 | Gauntlet | Found a transporter.
 20813 | Gauntlet | Found a transporter.
 20920 | Gauntlet | 20920 ||| INVOKING Heroism.
 20980 | Gauntlet | 20980 ||| DROPPING +2 hat.
 21011 | Gauntlet | Identified the +1 plate armour of Dim Light {rElec rN+
                  | Will++}
 21012 | Gauntlet | 21012 ||| Stepping ~*~*~tactically~*~*~ (hiding).
 21013 | Gauntlet | 21013 ||| Stepping ~*~*~tactically~*~*~ (hiding).
 21016 | Gauntlet | 21016 ||| INVOKING Heroism.
 21057 | Gauntlet | 21057 ||| DROPPING +1 chain mail "Nofadgh" {rF- Will+++
                  | Dex+3}.
 21058 | Gauntlet | 21058 ||| UPGRADING to +1 plate armour of Dim Light {rElec
                  | rN+ Will++}.
 21068 | Gauntlet | 21068 ||| DROPPING +1 cloak of preservation.
 21069 | Gauntlet | 21069 ||| READING 10 scrolls of identify.
 21069 | Gauntlet | 21069 ||| IDENTIFYING green potion
 21070 | Gauntlet | 21070 ||| DROPPING potion of degeneration.
 21086 | D:15     | 21086 ||| PLANNING D
 21147 | D:15     | 21147 ||| Stepping ~*~*~tactically~*~*~ (hiding).
 21193 | D:15     | Found a white marble altar of Elyvilon.
 21214 | D:15     | 21214 ||| Stepping ~*~*~tactically~*~*~ (stealth).
 21216 | D:15     | 21216 ||| INVOKING Heroism.
 21260 | D:15     | 21260 ||| INVOKING Heroism.
 21353 | D:15     | 21353 ||| Stepping ~*~*~tactically~*~*~ (hiding).
 21449 | D:15     | 21449 ||| Stepping ~*~*~tactically~*~*~ (stealth).
 21464 | D:15     | 21464 ||| FLEEEEING.
 21484 | D:15     | Found a staircase to the Depths.
 21486 | D:15     | 21486 ||| INVOKING Heroism.
 21533 | D:15     | 21533 ||| INVOKING Heroism.
 21825 | D:15     | 21825 ||| PLANNING ORC
 21825 | D:15     | 21825 ||| DROPPING ring of positive energy.
 21826 | D:15     | 21826 ||| DROPPING ring of willpower.
 21827 | D:15     | 21827 ||| UPGRADING to +6 ring of strength.
 21938 | Orc:1    | Entered Level 1 of the Orcish Mines
 21941 | Orc:1    | 21941 ||| INVOKING Heroism.
 21942 | Orc:1    | 21942 ||| INVOKING Finesse.
 21948 | Orc:1    | Reached skill level 12 in Shields
 22114 | Orc:1    | 22114 ||| Stepping ~*~*~tactically~*~*~ (stealth).
 22118 | Orc:1    | 22118 ||| Stepping ~*~*~tactically~*~*~ (stealth).
 22121 | Orc:1    | 22121 ||| Stepping ~*~*~tactically~*~*~ (stealth).
 22228 | Orc:2    | Entered Level 2 of the Orcish Mines
 22232 | Orc:2    | 22232 ||| INVOKING Heroism.
 22322 | Orc:2    | 22322 ||| Stepping ~*~*~tactically~*~*~ (stealth).
 22345 | Orc:2    | 22345 ||| Stepping ~*~*~tactically~*~*~ (stealth).
 22347 | Orc:2    | 22347 ||| Stepping ~*~*~tactically~*~*~ (hiding).
 22373 | Orc:2    | Found a staircase to the Elven Halls.
 22378 | Orc:2    | 22378 ||| Stepping ~*~*~tactically~*~*~ (hiding).
 22439 | Orc:2    | 22439 ||| INVOKING Heroism.
 22441 | Orc:2    | Found Vugoess's General Store.
 22447 | Orc:2    | Reached XP level 16. HP: 93/106 MP: 17/18
 22474 | Orc:2    | 22474 ||| INVOKING Heroism.
 22477 | Orc:2    | Found Noit's Magic Scroll Shoppe.
 22510 | Orc:2    | 22510 ||| Stepping ~*~*~tactically~*~*~ (stealth).
 22531 | Orc:2    | 22531 ||| SHOPLISTING +0 crystal plate armour (1360 gold,
                  | have 963).
 22531 | Orc:2    | 22531 ||| BUYING potion of mutation (136 gold).
 22531 | Orc:2    | Bought a potion of mutation for 136 gold pieces
 22531 | Orc:2    | 22531 ||| BUYING scroll of teleportation (51 gold).
 22531 | Orc:2    | Bought a scroll of teleportation for 51 gold pieces
 22533 | Orc:2    | 22533 ||| BUYING scroll of identify (22 gold).
 22533 | Orc:2    | Bought a scroll of identify for 22 gold pieces
 22537 | Orc:2    | 22537 ||| Stepping ~*~*~tactically~*~*~ (stealth).
 22545 | Orc:2    | 22545 ||| Stepping ~*~*~tactically~*~*~ (hiding).
 22583 | Orc:2    | 22583 ||| Stepping ~*~*~tactically~*~*~ (hiding).
 22588 | Orc:2    | 22588 ||| INVOKING Heroism.
 22596 | Orc:2    | 22596 ||| Stepping ~*~*~tactically~*~*~ (hiding).
 22630 | Orc:2    | 22630 ||| INVOKING Heroism.
 22635 | Orc:2    | 22635 ||| Stepping ~*~*~tactically~*~*~ (hiding).
 22657 | Orc:2    | Identified the +2 kite shield of the Swamp {Contam rElec
                  | Will+ rCorr} (Okawaru gifted it to you on level 2 of the
                  | Orcish Mines)
 22657 | Orc:2    | Received a gift from Okawaru
 22684 | Orc:2    | 22684 ||| Stepping ~*~*~tactically~*~*~ (hiding).
 22702 | Orc:2    | 22702 ||| INVOKING Heroism.
 22703 | Orc:2    | 22703 ||| Stepping ~*~*~tactically~*~*~ (hiding).
 22744 | Orc:2    | Found Ceoxebru's Book Shop.
 22744 | Orc:2    | Found Vurghac's Antique Armour Boutique.
 22745 | Orc:2    | 22745 ||| Stepping ~*~*~tactically~*~*~ (hiding).
 22746 | Orc:2    | 22746 ||| INVOKING Heroism.
 22747 | Orc:2    | Found a one-way gate leading to the halls of Pandemonium.
 22766 | Orc:2    | 22766 ||| BUYING shiny chain mail (240 gold).
 22766 | Orc:2    | Bought a shiny chain mail for 240 gold pieces
 22984 | Orc:2    | 22984 ||| Stepping ~*~*~tactically~*~*~ (stealth).
 23024 | Orc:2    | 23024 ||| Stepping ~*~*~tactically~*~*~ (stealth).
 23026 | Orc:2    | 23026 ||| Stepping ~*~*~tactically~*~*~ (stealth).
 23175 | Orc:2    | 23175 ||| DROPPING +0 chain mail of cold resistance.
 23185 | Orc:1    | 23185 ||| INVOKING Heroism.
 23258 | Orc:1    | 23258 ||| INVOKING Heroism.
 23273 | Orc:1    | 23273 ||| Stepping ~*~*~tactically~*~*~ (hiding).
 23274 | Orc:1    | 23274 ||| Stepping ~*~*~tactically~*~*~ (hiding).
 23417 | Orc:1    | 23417 ||| PLANNING SPIDER:1-3
 23575 | Spider:1 | Entered Level 1 of the Spider Nest
 23580 | Spider:1 | 23580 ||| INVOKING Heroism.
 23617 | Spider:1 | 23617 ||| Stepping ~*~*~tactically~*~*~ (stealth).
 23626 | Spider:1 | Reached skill level 15 in Shields
 23653 | Spider:1 | 23653 ||| Stepping ~*~*~tactically~*~*~ (stealth).
 23655 | Spider:1 | 23655 ||| Stepping ~*~*~tactically~*~*~ (stealth).
 23659 | Spider:1 | 23659 ||| INVOKING Heroism.
 23660 | Spider:1 | 23660 ||| INVOKING Finesse.
 23720 | Spider:1 | 23720 ||| INVOKING Heroism.
 23721 | Spider:1 | 23721 ||| INVOKING Finesse.
 23868 | Spider:1 | 23868 ||| Stepping ~*~*~tactically~*~*~ (stealth).
 23876 | Spider:1 | 23876 ||| Stepping ~*~*~tactically~*~*~ (stealth).
 23925 | Spider:1 | 23925 ||| INVOKING Finesse.
 23926 | Spider:1 | 23926 ||| INVOKING Finesse.
 24060 | Spider:1 | 24060 ||| INVOKING Finesse.
 24061 | Spider:1 | 24061 ||| INVOKING Heroism.
 24108 | Spider:1 | 24108 ||| Stepping ~*~*~tactically~*~*~ (stealth).
 24109 | Spider:1 | 24109 ||| Stepping ~*~*~tactically~*~*~ (stealth).
 24140 | Spider:1 | 24140 ||| Stepping ~*~*~tactically~*~*~ (hiding).
 24143 | Spider:1 | 24143 ||| INVOKING Finesse.
 24218 | Spider:1 | 24218 ||| INVOKING Finesse.
 24293 | Spider:1 | 24293 ||| READING scroll of enchant weapon.
 24293 | Spider:1 | 24293 ||| ENCHANTING +4 war axe of venom.
 24296 | Spider:1 | 24296 ||| Stepping ~*~*~tactically~*~*~ (hiding).
 24299 | Spider:1 | 24299 ||| Stepping ~*~*~tactically~*~*~ (stealth).
 24300 | Spider:1 | 24300 ||| INVOKING Heroism.
 24345 | Spider:1 | 24345 ||| SWAPPING to +0 broad axe.
 24352 | Spider:1 | 24352 ||| DROPPING +5 war axe of venom.
 24497 | Spider:2 | 24497 ||| STAIRDANCE
 24537 | Spider:2 | 24537 ||| INVOKING Heroism.
 24554 | Spider:2 | 24554 ||| Stepping ~*~*~tactically~*~*~ (stealth).
 24565 | Spider:2 | 24565 ||| Stepping ~*~*~tactically~*~*~ (stealth).
 24600 | Spider:2 | 24600 ||| Stepping ~*~*~tactically~*~*~ (stealth).
 24601 | Spider:2 | 24601 ||| Stepping ~*~*~tactically~*~*~ (stealth).
 24604 | Spider:2 | 24604 ||| INVOKING Finesse.
 24607 | Spider:2 | 24607 ||| INVOKING Heroism.
 24794 | Spider:2 | 24794 ||| Stepping ~*~*~tactically~*~*~ (hiding).
 24795 | Spider:2 | 24795 ||| Stepping ~*~*~tactically~*~*~ (hiding).
 24877 | Spider:2 | 24877 ||| INVOKING Heroism.
 24888 | Spider:2 | Received a gift from Okawaru
 24896 | Spider:2 | 24896 ||| DROPPING +2 flail of protection.
 25057 | Spider:2 | 25057 ||| Stepping ~*~*~tactically~*~*~ (stealth).
 25058 | Spider:2 | 25058 ||| INVOKING Heroism.
 25074 | Spider:2 | Reached XP level 17. HP: 103/111 MP: 19/19
 25170 | Spider:2 | 25170 ||| Stepping ~*~*~tactically~*~*~ (stealth).
 25178 | Spider:2 | 25178 ||| Stepping ~*~*~tactically~*~*~ (stealth).
 25365 | Spider:2 | 25365 ||| INVOKING Heroism.
 25436 | Spider:2 | 25436 ||| Stepping ~*~*~tactically~*~*~ (stealth).
 25438 | Spider:2 | 25438 ||| Stepping ~*~*~tactically~*~*~ (stealth).
 25451 | Spider:2 | Identified the +7 glaive of the Morning {freeze, Str+10
                  | Int-4}
 25682 | Spider:2 | 25682 ||| DROPPING +1 helmet of intelligence.
 25749 | Spider:3 | 25749 ||| Stepping ~*~*~tactically~*~*~ (stealth).
 25750 | Spider:3 | 25750 ||| Stepping ~*~*~tactically~*~*~ (stealth).
 25792 | Spider:3 | 25792 ||| INVOKING Heroism.
 25952 | Spider:3 | 25952 ||| Stepping ~*~*~tactically~*~*~ (stealth).
 25993 | Spider:3 | 25993 ||| Stepping ~*~*~tactically~*~*~ (stealth).
 25994 | Spider:3 | 25994 ||| Stepping ~*~*~tactically~*~*~ (hiding).
 25996 | Spider:3 | 25996 ||| Stepping ~*~*~tactically~*~*~ (stealth).
 26002 | Spider:3 | 26002 ||| INVOKING Heroism.
 26007 | Spider:3 | 26007 ||| INVOKING Finesse.
 26145 | Spider:3 | Noticed Aizul
 26146 | Spider:3 | 26146 ||| INVOKING Heroism.
 26147 | Spider:3 | 26147 ||| INVOKING Finesse.
 26156 | Spider:3 | Reached skill level 17 in Axes
 26167 | Spider:3 | Killed Aizul
 26212 | Spider:3 | 26212 ||| Stepping ~*~*~tactically~*~*~ (stealth).
 26239 | Spider:3 | 26239 ||| Stepping ~*~*~tactically~*~*~ (stealth).
 26241 | Spider:3 | 26241 ||| Stepping ~*~*~tactically~*~*~ (stealth).
 26341 | Spider:3 | 26341 ||| Stepping ~*~*~tactically~*~*~ (hiding).
 26342 | Spider:3 | 26342 ||| Stepping ~*~*~tactically~*~*~ (stealth).
 26343 | Spider:3 | 26343 ||| INVOKING Heroism.
 26344 | Spider:3 | 26344 ||| INVOKING Finesse.
 26434 | Spider:3 | 26434 ||| Stepping ~*~*~tactically~*~*~ (hiding).
 26437 | Spider:3 | 26437 ||| INVOKING Heroism.
 26481 | Spider:3 | Noticed Arachne
 26482 | Spider:3 | 26482 ||| INVOKING Finesse.
 26494 | Spider:3 | Killed Arachne
 26495 | Spider:3 | Reached skill level 6 in Throwing
 26533 | Spider:3 | 26533 ||| Stepping ~*~*~tactically~*~*~ (stealth).
 26534 | Spider:3 | 26534 ||| Stepping ~*~*~tactically~*~*~ (stealth).
 26548 | Spider:3 | 26548 ||| INVOKING Finesse.
 26900 | Spider:3 | Identified the +0 robe of the Eight Ghosts {rElec rF+ Will+
                  | MP-9}
 27002 | Spider:3 | 27002 ||| FLEEEEING.
 27003 | Spider:3 | 27003 ||| FLEEEEING.
 27004 | Spider:3 | 27004 ||| FLEEEEING.
 27005 | Spider:3 | 27005 ||| FLEEEEING.
 27158 | Spider:3 | 27158 ||| PLANNING SWAMP:1-3
 27158 | Spider:3 | 27158 ||| DROPPING scarf of repulsion.
 27297 | Swamp:1  | Entered Level 1 of the Swamp
 27302 | Swamp:1  | 27302 ||| Stepping ~*~*~tactically~*~*~ (hiding).
 27357 | Swamp:1  | 27357 ||| Stepping ~*~*~tactically~*~*~ (hiding).
 27362 | Swamp:1  | 27362 ||| INVOKING Heroism.
 27481 | Swamp:1  | 27481 ||| INVOKING Heroism.
 27639 | Swamp:1  | 27639 ||| INVOKING Heroism.
 27863 | Swamp:2  | 27863 ||| READING scroll of acquirement.
 27863 | Swamp:2  | 27863 ||| ACQUIRING +2 war axe of flaming
 27863 | Swamp:2  | Acquired a +2 war axe of flaming
 27865 | Swamp:2  | 27865 ||| DROPPING +0 morningstar of holy wrath.
 28024 | Swamp:2  | 28024 ||| INVOKING Heroism.
 28069 | Swamp:2  | 28069 ||| INVOKING Heroism.
 28072 | Swamp:2  | 28072 ||| SWAPPING to +2 war axe of flaming.
 28080 | Swamp:2  | 28080 ||| SWAPPING to +0 broad axe.
 28112 | Swamp:2  | 28112 ||| Stepping ~*~*~tactically~*~*~ (hiding).
 28236 | Swamp:2  | 28236 ||| FLEEEEING.
 28237 | Swamp:2  | 28237 ||| FLEEEEING.
 28300 | Swamp:2  | Identified the +2 cloak of the Apothecary {*Corrode rPois
                  | rN++}
 28341 | Swamp:2  | 28341 ||| Stepping ~*~*~tactically~*~*~ (hiding).
 28460 | Swamp:2  | 28460 ||| INVOKING Heroism.
 28630 | Swamp:2  | 28630 ||| DROPPING +2 cloak of the Apothecary {*Corrode
                  | rPois rN++}.
 28631 | Swamp:2  | 28631 ||| DROPPING +6 ring of dexterity.
 28632 | Swamp:2  | 28632 ||| DRINKING 2 lumpy sapphire potions.
 28705 | Swamp:3  | Noticed Donald
 28706 | Swamp:3  | 28706 ||| INVOKING Heroism.
 28707 | Swamp:3  | 28707 ||| INVOKING Finesse.
 28709 | Swamp:3  | Killed Donald
 28793 | Swamp:3  | 28793 ||| INVOKING Heroism.
 28795 | Swamp:3  | 28795 ||| SWAPPING to +2 war axe of flaming.
 28803 | Swamp:3  | 28803 ||| SWAPPING to +0 broad axe.
 28822 | Swamp:3  | 28822 ||| Stepping ~*~*~tactically~*~*~ (hiding).
 28829 | Swamp:3  | 28829 ||| INVOKING Heroism.
 28834 | Swamp:3  | Received a gift from Okawaru
 29045 | Swamp:3  | 29045 ||| Stepping ~*~*~tactically~*~*~ (hiding).
 29146 | Swamp:3  | 29146 ||| Stepping ~*~*~tactically~*~*~ (hiding).
 29300 | Swamp:3  | 29300 ||| PLANNING SPIDER:4
 29482 | Spider:4 | Entered Level 4 of the Spider Nest
 29483 | Spider:4 | 29483 ||| STAIRDANCE
 29489 | Spider:4 | 29489 ||| STAIRDANCE
 29513 | Spider:4 | 29513 ||| STAIRDANCE
 29521 | Spider:4 | 29521 ||| INVOKING Heroism.
 29546 | Spider:4 | 29546 ||| Stepping ~*~*~tactically~*~*~ (stealth).
 29641 | Spider:4 | Reached XP level 18. HP: 63/116 MP: 1/20
 29674 | Spider:4 | 29674 ||| INVOKING Heroism.
 29724 | Spider:4 | 29724 ||| DROPPING +2 war axe of flaming.
 29728 | Spider:4 | 29728 ||| INVOKING Finesse.
 29754 | Spider:4 | Reached skill level 18 in Axes
 29916 | Spider:4 | 29916 ||| INVOKING Heroism.
 29958 | Spider:4 | HP: 14/116 [emperor scorpion (18)]
 29958 | Spider:4 | Slain by an emperor scorpion

Levels and vault maps discovered:
D:1:      sevenhm_arrival_forest_fort_small_3, layout_loops_ring
D:2:      layout_loops_ring, basic_altar, uniq_crazy_yiuf_cottage, uniq_robin
D:3:      layout_loops_corners, dreamdust_ecumenical_altar_drowned_temple
D:4:      layout_gridville, gup_ossuary_entry_pyramid, chequers_mini_garden,
          hex_large, amcnicky_mini_rare_corridor_liquid, minmay_strange_pillars,
          grunt_decor_one_mirror, grunt_decor_junction, minmay_misc_feat_roman
D:5:      layout_loops_ring, mainiacjoe_overflow_brackets,
          overflow_temple_1_default, temple_green, serial_shops,
          nicolae_shop_stone, nicolae_shop_stone
D:6:      minmay_spotlight, layout_cave_pods, mainiacjoe_overflow_boulevard,
          nicolae_ashenzari_skybound, serial_bayou_pond_b
D:7:      layout_loops_corners, amcnicky_altar_gilded, minmay_unpleasant_kobolds
D:8:      minmay_inner_zag, layout_rooms, lair_entry_dummy
D:9:      layout_irregular_city
D:10:     layout_loops_corners, minmay_orc_entry_temple_small, serial_shops,
          shop_coins, minmay_diamond_spiral
D:11:     layout_cave_pools, nicolae_yredelemnul_corpse_copse, uniq_nergalle,
          uniq_erolcha
D:12:     layout_rooms, kennysheep_another_room
D:13:     layout_cave_pools, gammafunk_ghost_fury_of_okawaru, uniq_jorgrun
D:14:     layout_irregular_city, erik_vaults_2, hangedman_ru_absence,
          gammafunk_ghost_ooze, jiyva_altar_1
D:15:     gammafunk_depths_entry_grave, layout_basic, serial_curves,
          eino_curves_02, eino_curves_02, eino_curves_04, elyvilon_altar_1,
          gauntlet_entry_generic, library_closet
Temple:   sentei_temple_godly_chess
Lair:1:   layout_cave_pods
Lair:2:   layout_regular_city, spider_nest_entry_funnel_web,
          eino_small_chamber_without_monster, roderic_batcave,
          grunt_megastairs_4
Lair:3:   layout_hall_layers, nicolae_swamp_entry_splash_gauntlet
Lair:4:   layout_regular_city
Lair:5:   hellmonk_lair_end_abyssal_woods, layout_misc_corridors,
          minmay_slime_entry_jelly_boxes, basic_altar, grunt_megastairs_3
Swamp:1:  layout_basic_swamp, evilmike_swamp_ruin_house_1
Swamp:2:  layout_falls_marsh, nicolae_swamp_feature_on_the_river_bank
Swamp:3:  layout_basic_swamp, evilmike_swamp_ruin_house_4,
          infiniplex_staircase_pool, uniq_donald
Spider:1: layout_spider_delve
Spider:2: layout_spider_delve
Spider:3: layout_spider_delve, hellmonk_motheaten_closet, uniq_arachne,
          uniq_aizul
Spider:4: hellmonk_spider_rune_bug_friends, spiders_nest_hornet_nest
Orc:1:    layout_diamond_mine
Orc:2:    pf_orc_diabolical, layout_diamond_mine

Skill      XL: |  1  2  3  4  5  6  7  8  9 10 11 12 13 14 15 16 17 18 |
---------------+-------------------------------------------------------+-----
Axes           | 2 3 4 5 6 7 8 9 11 13 15 16 17 18 | 18.0
Fighting       | 4 5 6 7 8 9 10 11 12 14 | 14.2
Dodging        | 1 2 3 |  3.1
Invocations    | 4 5 9 10 | 10.0
Armour         | 4 6 7 8 9 11 12 13 | 13.0
Shields        | 4 5 6 7 8 12 17 | 17.7
Throwing       | 2 3 4 5 7 |  7.0

Action                   |  1- 3 |  4- 6 |  7- 9 | 10-12 | 13-15 | 16-18 || total
-------------------------+-------+-------+-------+-------+-------+-------++-------
Melee: War axe           |    86 |   154 |   203 |   338 |  1006 |   364 ||  2151
       Flail             |       |       |       |    10 |       |       ||    10
       Morningstar       |       |       |       |     7 |    35 |       ||    42
       Broad axe         |       |       |       |       |       |   777 ||   777
Throw: Boomerang         |       |       |     1 |    23 |    36 |    69 ||   129
       Javelin           |       |       |       |    53 |    53 |    90 ||   196
Invok: Heroism           |       |       |    17 |    27 |    54 |    34 ||   132
       Finesse           |       |       |       |     2 |     7 |    14 ||    23
  Use: Scroll            |     3 |     7 |     6 |     9 |    17 |     2 ||    44
       Potion            |       |     3 |     1 |     1 |     3 |     1 ||     9
 Stab: Distracted        |       |       |       |       |       |     2 ||     2
Armor: Scale mail        |    62 |    91 |    24 |       |       |       ||   177
       Chain mail        |       |       |   104 |   195 |   575 |       ||   874
       Plate armour      |       |       |       |       |   105 |   613 ||   718
Dodge: Dodged            |    37 |    60 |    84 |    99 |   368 |   266 ||   914
Block: Buckler           |     9 |    13 |    34 |    62 |   212 |       ||   330
       Tower shield      |       |       |       |       |   142 |   968 ||  1110

Table legend:
 A = Non-vault XP
 B = Vault XP
 C = Vault XP percentage of total XP
 D = Non-vault monster count
 E = Vault monster count
 F = Vault count percentage of total count
                 A         B        C        D         E       F
            +---------+---------+-------+---------+---------+-------
      Total |  179361 |   79535 |  30.7 |     703 |     255 |  26.6
            +---------+---------+-------+---------+---------+-------
        D:1 |      29 |       0 |   0.0 |      17 |       0 |   0.0
        D:2 |     153 |      33 |  17.7 |      25 |      12 |  32.4
        D:3 |      42 |       1 |   2.3 |      21 |       1 |   4.5
        D:4 |     170 |      18 |   9.6 |      21 |       1 |   4.5
        D:5 |     768 |       0 |   0.0 |      19 |       0 |   0.0
        D:6 |    1395 |     306 |  18.0 |      25 |       5 |  16.7
        D:7 |    1331 |     199 |  13.0 |      29 |       6 |  17.1
        D:8 |     932 |     738 |  44.2 |      20 |       6 |  23.1
        D:9 |    2163 |       0 |   0.0 |      25 |       0 |   0.0
       D:10 |    2995 |    3151 |  51.3 |      19 |      13 |  40.6
       D:11 |    4430 |    6415 |  59.2 |      29 |      14 |  32.6
       D:12 |    6551 |       0 |   0.0 |      20 |       0 |   0.0
       D:13 |   13110 |    1767 |  11.9 |      41 |       1 |   2.4
       D:14 |   10940 |    7409 |  40.4 |      26 |      12 |  31.6
       D:15 |    9449 |    4634 |  32.9 |      17 |       8 |  32.0
     Lair:1 |     992 |       0 |   0.0 |       6 |       0 |   0.0
     Lair:2 |    6874 |    2612 |  27.5 |      29 |      20 |  40.8
     Lair:3 |    2363 |    1207 |  33.8 |       9 |       5 |  35.7
     Lair:4 |    3676 |       0 |   0.0 |      12 |       0 |   0.0
     Lair:5 |   11505 |   13168 |  53.4 |      29 |      57 |  66.3
    Swamp:1 |    4947 |       0 |   0.0 |      13 |       0 |   0.0
    Swamp:2 |    4960 |       0 |   0.0 |      11 |       0 |   0.0
    Swamp:3 |    7163 |    1275 |  15.1 |      14 |       1 |   6.7
   Spider:1 |   19813 |       0 |   0.0 |      52 |       0 |   0.0
   Spider:2 |   19844 |       0 |   0.0 |      45 |       0 |   0.0
   Spider:3 |   23869 |    5111 |  17.6 |      54 |       4 |   6.9
   Spider:4 |   10334 |   11694 |  53.1 |      22 |      17 |  43.6
      Orc:1 |    4745 |       0 |   0.0 |      28 |       0 |   0.0
      Orc:2 |    3818 |   15561 |  80.3 |      25 |      61 |  70.9
   Gauntlet |       0 |    4236 | 100.0 |       0 |      11 | 100.0
            +---------+---------+-------+---------+---------+-------
